 Dungeon Crawl Stone Soup version 0.29.0-11-gd7f09526c8 (webtiles) character file.

Game seed: 874716618489050854

721 groovy9 the Ruffian (level 7, -16/66 HPs)
             Began as a Troll Fighter on Sept 6, 2022.
             Demolished by an ogre
             ... wielding a +0 giant club
              (21 damage)
             ... on level 4 of the Dungeon.
             The game lasted 00:28:52 (3499 turns).

groovy9 the Ruffian (Troll Fighter)                 Turns: 3499, Time: 00:28:56

Health: -16/66     AC:  7    Str: 27    XL:     7   Next: 43%
Magic:  6/6        EV:  9    Int:  4    God:
Gold:   160        SH:  8    Dex:  9    Spells: 6/6 levels left

rFire   + . .      SeeInvis .     - Unarmed
rCold   + . .      Faith    .   b - +0 kite shield
rNeg    . . .      Spirit   .   r - +2 robe {rC+ rF+}
rPois   +          Reflect  .   (helmet restricted)
rElec   .          Harm     .   g - +0 cloak
rCorr   .          Rampage  .   (gloves unavailable)
Will    .....                   (boots unavailable)
Stlth   +.........              (no amulet)
HPRegen 1.01/turn               k - ring of poison resistance
MPRegen 0.10/turn               (no ring)

@: about to teleport
A: large, unfitting armour, claws 3, regeneration 1, shaggy fur 1, tough skin 1
a: no special abilities


You were on level 4 of the Dungeon.
You visited 1 branch of the dungeon, and saw 4 of its levels.

You collected 160 gold pieces.

Inventory:

Hand Weapons
 q - a +5 club
Missiles
 c - a throwing net (quivered)
Armour
 b - a +0 kite shield (worn)
 g - a +0 cloak (worn)
 r - a +2 robe of resistance (worn)
Jewellery
 k - a ring of poison resistance (left claw)
 u - an amulet of guardian spirit
Wands
 h - a wand of roots (8)
 m - a wand of paralysis (6)
 v - a wand of quicksilver (12)
Scrolls
 a - a scroll of enchant armour {unknown}
 f - a scroll of blinking
 i - 2 scrolls of butterflies
 j - a scroll of magic mapping
 l - a scroll of amnesia
 s - 3 scrolls of fear {unknown}
 w - a scroll of vulnerability
Potions
 d - a potion of brilliance
 e - a potion of mutation {unknown}
 n - 3 potions of resistance
 p - a potion of magic
 t - a potion of heal wounds {unknown}


   Skills:
 + Level 2.9 Fighting
 + Level 3.9 Dodging
 + Level 0.2 Stealth
 + Level 4.3 Shields
 + Level 6.1 Unarmed Combat


You had 6 spell levels left.
You didn't know any spells.
Your spell library contained the following spells:

 Spells                   Type           Power      Damage    Failure   Level
 Conjure Flame            Conj/Fire      0%         6-21      98%         3
 Ignite Poison            Fire/Tmut/Pois 0%         N/A       98%         3
 Sticky Flame             Conj/Fire      0%         2d3       100%        4


Dungeon Overview and Level Annotations

Branches:
Dungeon (4/15)
 Temple: D:4-7

Altars:

Shops:
D:1 ![


Innate Abilities, Weirdness & Mutations

You are too large for most types of armour.
You have claws for hands.
Your natural rate of healing is unusually fast.
You are covered in fur. (AC +1)
You have tough skin. (AC +1)


Message History

An orc comes into view. It is wielding a +0 short sword.
The ogre moves out of view.
You closely miss the orc. The orc barely misses you.
You closely miss the orc.
An orc wizard comes into view. It is wielding a +0 dagger.
You mangle the orc!!
You kill the orc!
You scratch the orc.
The orc is heavily wounded.
You block the orc's attack.
You scratch the orc.
The orc is heavily wounded.
The orc wizard mumbles some strange words.
The orc wizard flickers and vanishes!
Deactivating autopickup; reactivate with Ctrl-A.
A kobold comes into view. It is wielding a +0 dagger.
The orc hits you but does no damage.
You barely miss the orc.
The orc is heavily wounded.
You block the orc's attack.
You barely miss the orc.
The orc is heavily wounded.
You block the orc's attack.
You claw the orc!
You kill the orc!
You closely miss the ogre. The ogre hits you with a +0 giant club!
You scratch the ogre.
The ogre is lightly wounded.
The ogre hits you with a +0 giant club!!
Unknown command.
You completely miss the ogre.
The ogre is lightly wounded.
You claw the ogre!
The ogre is heavily wounded.
The ogre hits you with a +0 giant club!!
* * * LOW HITPOINT WARNING * * *
As you read the scroll of teleportation, it crumbles to dust.
You feel strangely unstable.
The ogre hits you with a +0 giant club!!
You die...

##.# ##.# #........ ...#
#........ ...# #.......? ...#
#........ ...### #........
.....### #### ##........
.<.....# ###..####.........
...##..#####....@O{....[.....
...##....##...####K####......
######..........[..# .....
###...#.#.##### o..)
###.......## o..
###..........# ..
#.........##.# .
#...####.###.# ###..##
#..##.#


You could see an ogre and a kobold.

Vanquished Creatures
  Grinder (D:4)
  A necrophage (D:4)
  3 hounds
  4 orc priests (D:4)
  Ijyb (D:3)
  Jessica (D:3)
  Natasha (twice) (D:3)
  An orc wizard (D:4)
  5 adders (D:3)
  3 worms
  A dart slug (D:4)
  8 orcs (D:4)
  7 ball pythons
  5 bats
  2 endoplasms
  4 giant cockroaches
  5 goblins
  5 hobgoblins
  7 jackals
  3 quokkas
  3 frilled lizards
  7 kobolds
  3 rats
  A bush (D:2)
83 creatures vanquished.

Vanquished Creatures (others)
  7 plants (D:2)
7 creatures vanquished.

Grand Total: 90 creatures vanquished

Notes
Turn   | Place    | Note
-------+----------+-------------------------------------------
     0 | D:1      | groovy9 the Troll Fighter began the quest for the Orb.
     0 | D:1      | Reached XP level 1. HP: 22/22 MP: 0/0
   112 | D:1      | Found Upni Nao's Armour Emporium.
   187 | D:1      | Reached XP level 2. HP: 29/29 MP: 1/1
   213 | D:1      | Found a faded altar of an unknown god.
   326 | D:1      | Found Juchisis's Distillery.
  1128 | D:2      | Reached XP level 3. HP: 36/36 MP: 2/2
  2108 | D:3      | Noticed Natasha
  2116 | D:3      | Killed Natasha
  2117 | D:3      | Reached skill level 3 in Unarmed Combat
  2117 | D:3      | Reached XP level 4. HP: 44/44 MP: 3/3
  2142 | D:3      | Noticed Ijyb
  2142 | D:3      | Paralysed by Ijyb for 4 turns
  2149 | D:3      | Paralysed by Ijyb for 3 turns
  2154 | D:3      | Killed Ijyb
  2190 | D:3      | Reached XP level 5. HP: 52/52 MP: 4/4
  2604 | D:3      | Noticed Jessica
  2618 | D:3      | Killed Jessica
  2619 | D:3      | Reached skill level 4 in Unarmed Combat
  2967 | D:3      | Noticed Natasha
  2973 | D:3      | Killed Natasha
  3140 | D:4      | Reached XP level 6. HP: 27/59 MP: 5/5
  3309 | D:4      | Noticed Grinder
  3313 | D:4      | Killed Grinder
  3314 | D:4      | Reached skill level 5 in Unarmed Combat
  3314 | D:4      | Reached XP level 7. HP: 43/66 MP: 6/6
  3381 | D:4      | Reached skill level 6 in Unarmed Combat
  3499 | D:4      | Demolished by an ogre

Illustrated notes

Levels and vault maps discovered:
D:1:      mushboom_english_gardens, layout_basic, serial_shops, shop, shop,
          hellmonk_ecumenical_altar_pennies_from_heaven, minivault_14,
          chequers_serial_rivers_small_a
D:2:      layout_basic, serial_forest, infiniplex_forest_lined_4_way,
          infiniplex_forest_split, infiniplex_forest_clump_curved,
          infiniplex_forest_clump_C, infiniplex_forest_clump_double,
          infiniplex_forest_straight_2, infiniplex_forest_end_double,
          infiniplex_forest_clump_medium, minmay_crystal_water
D:3:      layout_basic, serial_curves, eino_curves_04, eino_curves_04,
          uniq_jessica, uniq_natasha, uniq_ijyb
D:4:      layout_rooms, grunt_ministairs_14, uniq_grinder

Skill      XL: |  1  2  3  4  5  6  7 |
---------------+----------------------+-----
Shields        | 3 4 |  4.3
Dodging        | 3 |  3.9
Unarmed Combat | 3 4 5 6 |  6.1
Fighting       | |  2.9
Stealth        | |  0.2

Action                   |  1- 3 |  4- 6 |  7- 9 || total
-------------------------+-------+-------+-------++-------
Melee: Unarmed           |   157 |   105 |    32 ||   294
Evoke: Wand              |       |       |     1 ||     1
  Use: Scroll            |     6 |     3 |     1 ||    10
       Potion            |     2 |     1 |       ||     3
Armor: Robe              |    44 |    29 |    13 ||    86
Dodge: Dodged            |    37 |    31 |     1 ||    69
Block: Kite shield       |    33 |    31 |     6 ||    70
